 Dungeon Crawl Stone Soup version 0.25.1-8-g42b30a86e7 (webtiles) character file.

Game seed: 14696915996573960810

3787 gruber the Frost Mage (level 9, -5/65 HPs)
             Began as a Demonspawn Ice Elementalist on Dec 20, 2020.
             Was a Follower of Vehumet.
             Slain by a wraith (6 damage)
             ... on level 9 of the Dungeon.
             The game lasted 00:15:40 (10732 turns).

gruber the Frost Mage (DsIE)                       Turns: 10732, Time: 00:15:41

Health: -5/65      AC:  9    Str:  9    XL:     9   Next: 95%
Magic:  1/15       EV: 14    Int: 19    God:    Vehumet [*.....]
Gold:   489        SH:  5    Dex: 14    Spells: 4/16 levels left

rFire    x . .     SeeInvis .   r - +2 whip (flame)
rCold    + . .     Gourm    .   L - +0 buckler
rNeg     . . .     Faith    .   p - +2 robe {MR+}
rPois    .         Spirit   .   (no helmet)
rElec    .         Reflect  .   E - +0 cloak
rCorr    .         Harm     .   B - +0 pair of gloves
MR       +....                  D - +0 pair of boots
Stlth    +.........             (no amulet)
HPRegen  0.20/turn              k - ring of attention (curse)
MPRegen  0.14/turn              o - ring of ice

@: very slightly contaminated, slowed, lightly drained, very slow
A: claws 1, icy blue scales 1
a: Renounce Religion


You were on level 9 of the Dungeon.
You worshipped Vehumet.
Vehumet was aware of your devotion.
You were very hungry.

You visited 2 branches of the dungeon, and saw 10 of its levels.
You also visited: Sewer.

You collected 489 gold pieces.

Inventory:

Hand Weapons
 r - a +2 whip of flaming (weapon)
 G - a +2 short sword of venom
Armour
 p - a +2 robe of magic resistance (worn)
 B - a +0 pair of gloves (worn)
 D - a +0 pair of boots (worn)
 E - a +0 cloak (worn)
 L - a +0 buckler (worn)
Jewellery
 k - a cursed ring of attention (left hand)
 o - a ring of ice (right hand)
 I - an uncursed ring of poison resistance {unknown}
 J - a +4 ring of protection {unknown}
Wands
 j - a wand of polymorph (2)
 w - a wand of enslavement (14)
 y - a wand of random effects (28)
 F - a wand of digging (7)
 K - a wand of disintegration (18)
Scrolls
 a - 6 scrolls of remove curse {unknown}
 f - 6 scrolls of fear {unknown}
 g - a scroll of amnesia {unknown}
 h - 4 scrolls of enchant weapon {unknown}
 i - 7 scrolls of identify {unknown}
 n - 7 scrolls of teleportation {unknown}
 s - 2 scrolls of blinking {unknown}
 t - 3 scrolls of noise {unknown}
 u - 3 scrolls of magic mapping {unknown}
 v - a scroll of immolation {unknown}
Potions
 b - a potion of mutation {unknown}
 d - 9 potions of curing {unknown}
 e - 4 potions of flight {unknown}
 l - 2 potions of haste {unknown}
 m - a potion of lignification {unknown}
 q - 3 potions of berserk rage {unknown}
 x - 3 potions of might {unknown}
 z - 6 potions of brilliance {unknown}
 A - a potion of heal wounds {unknown}
 C - a potion of stabbing {unknown}
Comestibles
 c - 18 rations


   Skills:
 - Level 4.2(4.1) Fighting
 - Level 4.0(3.8) Dodging
 - Level 1.7(1.6) Stealth
 - Level 5.0(4.9) Shields
 - Level 4.0(3.9) Spellcasting
 - Level 4.3(4.2) Conjurations
 - Level 4.2(4.1) Summonings
 * Level 9.0(8.8) Ice Magic


You had 4 spell levels left.
You knew the following spells:

 Your Spells              Type           Power        Failure   Level  Hunger
a - Freeze                Ice            ####         1%          1    None
b - Frozen Ramparts       Ice            ######       1%          3    ###....
c - Hailstorm             Conj/Ice       #####...     10%         4    ####...
d - Summon Ice Beast      Ice/Summ       #####...     10%         4    ####...

Your spell library contained the following spells:

 Spells                   Type           Power        Failure   Level  Hunger
 Foxfire                  Conj/Fire      ##..         6%          1    None
 Ensorcelled Hibernation  Hex/Ice        ####..       3%          2    ##.....
 Ozocubu's Armour         Chrm/Ice       ####....     7%          3    ###....
 Corona                   Hex            #......      14%         1    None
 Sandblast                Erth           #.....       14%         1    None
 Dazzling Flash           Conj/Hex       ##....       19%         3    ###....
 Stone Arrow              Conj/Erth      ##....       19%         3    ###....
 Passwall                 Tmut/Erth      #.......     22%         2    ##.....
 Confusing Touch          Hex            #.......     38%         3    ###....
 Tukima's Dance           Hex            #.......     38%         3    ###....
 Petrify                  Tmut/Erth      #.......     80%         4    ####...
 Lee's Rapid Deconstruct  Erth           #.........   98%         5    ######.


Dungeon Overview and Level Annotations

Branches:
Dungeon (9/15)             Temple (1/1) D:7           Sewer (visited)
   Lair: D:8-11         Orc: D:9-12

Altars:
Dithmenos
Elyvilon
Fedhas
Gozag
Hepliaklqana
Kikubaaqudgha
Makhleb
Nemelex Xobeh
Okawaru
Ru
Sif Muna
Trog
Uskayaw
Vehumet
Xom
Yredelemnul
The Shining One

Annotations:
D:2 1 transporter


Innate Abilities, Weirdness & Mutations

You have sharp fingernails.
You are partially covered in icy blue scales. (AC +2)


Message History

Evoke which item? (* to show all) (? for menu, Esc to quit)
Aiming: Random Effects
Press: ? - help, Shift-Dir - straight line, f/p - wraith
Aim: a wraith (severely damaged)
The bolt of negative energy misses the wraith.
The bolt of negative energy hits the wraith.
The wraith completely resists.
You block the wraith's attack.
Your ice beast hits the wraith but does no damage.
The wraith barely misses you.
Your ice beast completely misses the wraith.
Unknown command.
Unknown command.
Evoke which item? (* to show all) (? for menu, Esc to quit)
Aiming: Random Effects
Press: ? - help, Shift-Dir - straight line, f/p - wraith
Aim: a wraith (severely damaged)
The wraith seems to speed up.
The wraith hits you!
* * * LOW HITPOINT WARNING * * *
Your ice beast misses the wraith.
The wraith hits you.
You die...

+.+ #.# +.+
#.# +.+
###.###
#.'.'.#
###.###
#@WW'.#
###Y###
#_'.'.#
###.###
#'### #.#8#
#)#.# #...#
#######'###
########


You could see 2 wraiths and a friendly ice beast (summoned).

Vanquished Creatures
  Pikel (D:4)
  2 hippogriffs
  Duvessa (D:6)
  An ice beast (D:4)
  3 sky beasts
  2 black bears
  2 slaves (D:4)
  2 ogres
  A phantom (D:4)
  2 centaurs
  Blork the orc (D:4)
  4 big kobolds
  3 bullfrogs
  Dowan (D:6)
  2 scorpions
  A wight (D:9)
  A nameless horror (D:9)
  4 crimson imps
  A human zombie (D:9)
  A hound (D:5)
  A bullfrog skeleton (D:6)
  2 orc priests
  3 orc wizards
  A centaur skeleton (D:7)
  6 worker ants
  A mummy (D:9)
  12 adders
  7 gnolls
  10 river rats
  2 oozes
  An adder zombie (D:9)
  4 worms
  7 dart slugs
  6 leopard geckos
  15 orcs
  6 bats
  3 giant cockroaches
  10 goblins
  9 hobgoblins
  11 jackals
  28 kobolds
  A quokka (D:5)
  9 ball pythons
  8 frilled lizards
  2 jackal zombies
  A leopard gecko zombie (D:6)
  24 rats
226 creatures vanquished.

Vanquished Creatures (collateral kills)
  A wraith (D:9)
  A nameless horror (D:7)
  An ice beast (D:5)
  A phantom (D:7)
  A hound zombie (D:5)
  An adder (D:5)
  A jackal skeleton (D:5)
7 creatures vanquished.

Vanquished Creatures (others)
  A slave (D:4)
  A scorpion (D:4)
  A hound (D:4)
  A worker ant (D:4)
  A dart slug (D:4)
5 creatures vanquished.

Grand Total: 238 creatures vanquished

Notes
Turn   | Place    | Note
-------+----------+-------------------------------------------
     0 | D:1      | gruber the Demonspawn Ice Elementalist began the quest for
                  | the Orb.
     0 | D:1      | Reached XP level 1. HP: 13/13 MP: 3/3
   270 | D:1      | Reached skill level 4 in Ice Magic
   321 | D:1      | Gained mutation: You are partially covered in icy blue
                  | scales. (AC +2) [demonic ancestry]
   321 | D:1      | Reached XP level 2. HP: 17/19 MP: 5/5
  1042 | D:2      | Reached XP level 3. HP: 20/24 MP: 2/6
  1100 | D:2      | Learned a level 3 spell: Frozen Ramparts
  1318 | D:2      | Reached skill level 5 in Ice Magic
  1321 | D:2      | Gained mutation: You have sharp fingernails. [demonic
                  | ancestry]
  1321 | D:2      | Reached XP level 4. HP: 15/30 MP: 3/7
  2173 | D:2      | Found a sparkling altar of Nemelex Xobeh.
  2173 | D:2      | Found a transporter.
  2173 | D:2      | Noticed a bullfrog
  2174 | D:2      | Noticed an ice beast
  2812 | D:3      | Reached XP level 5. HP: 32/35 MP: 4/8
  2821 | D:3      | Learned a level 4 spell: Hailstorm
  2882 | D:3      | Reached skill level 6 in Ice Magic
  3066 | D:3      | Found a faded altar of an unknown god.
  3392 | D:4      | Noticed a slave
  3392 | D:4      | Noticed a phantom
  3743 | D:4      | Killed a slave
  3763 | D:4      | Noticed a slave
  3768 | D:4      | Killed a slave
  3768 | D:4      | Noticed a black bear
  3951 | D:3      | Killed a black bear
  3951 | D:3      | Reached skill level 7 in Ice Magic
  3951 | D:3      | Reached XP level 6. HP: 27/41 MP: 5/9
  4064 | D:4      | Noticed Pikel
  4072 | D:4      | Killed Pikel
  4072 | D:4      | Reached skill level 8 in Ice Magic
  4072 | D:4      | Reached XP level 7. HP: 46/46 MP: 4/10
  4193 | D:4      | Noticed Blork the orc
  4200 | D:4      | Killed Blork the orc
  4200 | D:4      | Reached skill level 9 in Ice Magic
  4425 | D:4      | Reached XP level 8. HP: 28/52 MP: 4/13
  4431 | D:4      | Learned a level 4 spell: Summon Ice Beast
  5092 | D:4      | Reached skill level 1 in Summonings
  5417 | D:5      | Entered Level 5 of the Dungeon
  5728 | D:5      | Noticed a +0 dagger
  5729 | D:5      | Noticed a +0 hand axe
  5736 | D:5      | Found a hide-covered altar of Uskayaw.
  6151 | D:5      | Found a glowing drain.
  6157 | Sewer    | Entered a sewer
  6443 | Sewer    | Reached skill level 1 in Fighting
  6672 | Sewer    | Reached XP level 9. HP: 58/62 MP: 11/15
  7957 | D:6      | Found a sacrificial altar of Ru.
  7957 | D:6      | Noticed Dowan
  7958 | D:6      | Noticed Duvessa
  7962 | D:6      | Killed Duvessa
  7963 | D:6      | Killed Dowan
  8125 | D:7      | Reached skill level 1 in Conjurations
  8192 | D:7      | Found a staircase to the Ecumenical Temple.
  8214 | Temple   | Entered the Ecumenical Temple
  8257 | Temple   | Became a worshipper of Vehumet
  9032 | D:7      | Found a white marble altar of Elyvilon.
  9032 | D:7      | Found an iron altar of Okawaru.
  9045 | D:7      | Found a shimmering blue altar of Sif Muna.
  9179 | D:8      | Reached skill level 1 in Shields
 10430 | D:9      | Reached * piety under Vehumet
 10430 | D:9      | Offered knowledge of Foxfire by Vehumet.
 10520 | D:9      | Found a basalt altar of Yredelemnul.
 10620 | D:9      | Reached skill level 5 in Shields
 10732 | D:9      | HP: 1/65 [wraith (14)]
 10732 | D:9      | Slain by a wraith

Illustrated notes

Levels and vault maps discovered:
D:1:      dpeg_arrival_round_c, layout_basic
D:2:      layout_loops_cross, grunt_nemelex_the_gamble
D:3:      cheibrodos_greedy_goblins, layout_basic,
          chequers_ecumenical_altar_simple_redux
D:4:      minmay_thick_lines, layout_cave_pools, first_ration,
          uniq_blork_the_orc, uniq_pikel
D:5:      layout_basic, dancing_weapons_uskayaw, portal_sewer_entry_e
D:6:      layout_basic, nicolae_ru_sacrificial_ziggurat, uniq_duvessa
D:7:      layout_rooms, gammafunk_temple_overflow_forgotten,
          minmay_temple_entry_ruins
D:8:      layout_basic
D:9:      layout_roguey [special_room_orc], lemuel_mausoleum_altar_yredelemnul,
          blue_anna_alchemist [blue_anna_fruit_fields, blue_anna_fruit_fields],
          minmay_liquid_box, minmay_misc_feat_nine_boxes
Temple:   nicolae_temple_elliptical

Skill      XL: |  1  2  3  4  5  6  7  8  9 |
---------------+----------------------------+-----
Ice Magic      | 4 5 7 8 9 |  9.0
Spellcasting   | 3 4 |  4.0
Summonings     | 4 |  4.2
Dodging        | 4 |  4.0
Fighting       | 2 4 |  4.2
Conjurations   | 4 |  4.3
Shields        | 5 |  5.0
Stealth        | |  1.7

Action                   |  1- 3 |  4- 6 |  7- 9 || total
-------------------------+-------+-------+-------++-------
Melee: Dagger            |    47 |    70 |       ||   117
       Trident           |       |    25 |       ||    25
       Whip              |       |       |   163 ||   163
       Short sword       |       |       |   103 ||   103
 Cast: Freeze            |    33 |     9 |     5 ||    47
       Frozen Ramparts   |     2 |    28 |    65 ||    95
       Summon Ice Beast  |       |       |    14 ||    14
       Hailstorm         |       |       |     1 ||     1
Evoke: Wand              |       |       |    14 ||    14
 Stab: Sleeping          |     1 |       |       ||     1
       Distracted        |       |       |     2 ||     2
  Eat: Chunk             |     2 |    12 |    28 ||    42
Armor: Robe              |    30 |    24 |   104 ||   158
       Skin              |       |     1 |       ||     1
Dodge: Dodged            |    72 |    74 |   234 ||   380
Block: Buckler           |       |       |    29 ||    29
